 Dungeon Crawl Stone Soup version 0.32-a0-616-g9348d4545b (webtiles) character file.

Game seed: 3055417324669306008

37370 croobank the Covert (level 13, -1/78 (91) HPs)
             Began as an Octopode Summoner on Mar 5, 2024.
             Was an Elder of Kikubaaqudgha.
             Slain by a black mamba (6 damage)
             ... on level 4 of the Lair of Beasts.
             The game lasted 01:10:27 (23896 turns).

croobank the Covert (Octopode Summoner)            Turns: 23896, Time: 01:10:28

HP:   -1/78 (91)    AC:  5    Str:  7    XL:     13   Next: 96%
MP:   20/26         EV: 17    Int: 21    God:    Kikubaaqudgha [****..]
Gold: 251           SH:  0    Dex: 14    Spells: 12/30 levels left

rFire   . . .        p - +3 rapier (freeze)
rCold   . . .        (no shield)
rNeg    . . .        (helmet restricted)
rPois   +            R - amulet of magic regeneration
rElec   .            o - ring of wizardry
rCorr   .            C - ring of poison resistance
SInv    .            S - ring of willpower
Will    +....        k - +4 ring of protection
Stlth   +++++        (no ring)
HPRegen 0.33/turn    (no ring)
MPRegen 0.60/turn    (no ring)
                     (no ring)

%: wizardry (x1)
@: slowed, heavily drained, very slow
A: almost no armour, amphibious, 8 rings, camouflage 1, gelatinous body 1,
(nimble swimmer 1), tentacles
a: Renounce Religion, Unearth Wretches


You were on level 4 of the Lair of Beasts.
You worshipped Kikubaaqudgha.
Kikubaaqudgha was greatly pleased with you.
You visited 3 branches of the dungeon, and saw 18 of its levels.
You also visited: Sewer.

You collected 1161 gold pieces.
You spent 910 gold pieces at shops.

Inventory:

Hand Weapons
 a - a +4 trident of draining
 c - a +2 scimitar of freezing
 e - a +0 dagger
 m - a +0 shortbow
 n - a +1 longbow of flaming
 p - a +3 rapier of freezing (weapon)
 q - a +2 heavy hand axe
 v - a +3 long sword
 A - a +0 flail of protection
 E - a +2 war axe of freezing
 F - a +1 short sword of draining
 G - a +2 war axe
Missiles
 h - 15 boomerangs
 j - 12 curare-tipped darts
 s - 53 poisoned darts
 z - 6 datura-tipped darts
 D - 6 atropa-tipped darts
Armour
 Q - a +0 kite shield
Jewellery
 k - a +4 ring of protection (on tentacle)
 o - a ring of wizardry (left tentacle)
 C - a ring of poison resistance (right tentacle)
 R - an amulet of magic regeneration (around mantle)
 S - a ring of willpower (on tentacle)
Talismans
 l - a granite talisman
Wands
 d - a wand of paralysis (3)
 w - a wand of flame (11)
 y - a wand of digging (11)
 K - a wand of mindburst (23)
Scrolls
 t - 2 scrolls of vulnerability
 x - 8 scrolls of teleportation
 J - 2 scrolls of immolation
 M - a scroll of summoning {unknown}
 N - a scroll of enchant weapon
 P - 3 scrolls of acquirement {unknown}
Potions
 b - 4 potions of haste
 f - a potion of enlightenment
 g - 5 potions of brilliance
 i - 2 potions of resistance
 r - 3 potions of attraction
 u - a potion of lignification
 B - 2 potions of might
 H - 2 potions of ambrosia
 I - a potion of magic
 L - 2 potions of curing
 O - 4 potions of mutation


   Skills:
 + Level 9.7 Fighting
 - Level 10.0 Dodging
 - Level 10.4 Stealth
 + Level 9.1 Spellcasting
 * Level 6.7 Hexes
 - Level 10.0 Summonings
 + Level 6.3 Necromancy
 - Level 5.0 Fire Magic
 - Level 7.0 Air Magic


You had 12 spell levels left.
You knew the following spells:

 Your Spells              Type           Power      Damage    Failure   Level
a - Summon Small Mammal   Summ           100%       N/A       1%          1
b - Call Imp              Summ           100%       N/A       1%          2
c - Call Canine Familiar  Summ           51%        N/A       1%          3
d - Summon Blazeheart Go  Fire/Summ      41%        N/A       1%          4
e - Summon Lightning Spi  Summ/Air       45%        N/A       1%          4
N - Anguish               Hex/Necr       18%        N/A       1%          4

Your spell library contained the following spells:

 Spells                   Type           Power      Damage    Failure   Level
 Necrotise                Necr           100%       1d9       1%          1
 Cigotuvi's Dreadful Rot  Necr/Alch/Air  56%        N/A       1%          2
 Fugue of the Fallen      Necr           36%        N/A       1%          3
 Vampiric Draining        Necr           36%        2d8       1%          3
 Martyr's Knell           Necr/Summ      43%        N/A       1%          4
 Freeze                   Ice            36%        1d5       2%          1
 Dispel Undead            Necr           36%        3d15      2%          4
 Volatile Blastmotes      Fire/Tloc      40%        2d13      3%          3
 Frozen Ramparts          Ice            18%        1d3       9%          3
 Hailstorm                Conj/Ice       9%         3d6       9%          3
 Borgnjor's Vile Clutch   Necr/Erth      11%        N/A       21%         5
 Fulminant Prism          Conj/Alch      4%         3d5       26%         4
 Iskenderun's Mystic Bla  Conj/Tloc      9%         2d4       26%         4
 Manifold Assault         Tloc           9%         N/A       26%         4
 Dispersal                Tloc           4%         N/A       98%         6
 Disjunction              Tloc           4%         N/A       100%        8


Dungeon Overview and Level Annotations

Branches:
Dungeon (12/15)            Temple (1/1) D:6            Lair (5/5) D:11
 Shoals (0/4) Lair:3        Snake (0/4) Lair:2        Slime (0/5) Lair:4
    Orc (0/2) D:11          Sewer (visited)

Altars:
Ashenzari
Cheibriados
Dithmenos
Elyvilon
Fedhas
Gozag
Hepliaklqana
Kikubaaqudgha
Makhleb
Nemelex Xobeh
Okawaru
Qazlal
Ru
Sif Muna
Trog
Uskayaw
Vehumet
Wu Jian
Xom
Yredelemnul
Zin
The Shining One
Jiyva

Shops:
D:4 =   D:11 [

Annotations:
D:9 1 runed translucent door, Biggs's ghost, novice FeSh
Lair:1 2 transporters, exclusion: 3 oklob plants, Rulersjester's ghost, novice CoGl
Lair:5 Sonja


Innate Abilities, Weirdness & Mutations

You cannot wear most types of armour.
You are amphibious.
You can wear up to eight rings at the same time.
Your skin changes colour to match your surroundings (Stealth+).
Your rubbery body absorbs attacks. (AC +1, EV +1)
((You are camouflaged when in or above water. (Stealth+)))
You have tentacles for arms and can constrict up to eight enemies at once.


Message History

You feel very sick.
Your blazeheart golem's core grows cold and it stops moving.
The black mamba closely misses you. The black mamba bites you.
You are more poisoned.
The black mamba poisons you! Sonja hits you but does no damage.
You feel drained. Sonja barely misses you.
Sonja hits you with a +0 dagger of draining.
* * * LOW HITPOINT WARNING * * *
You feel drained.
* * * LOW HITPOINT WARNING * * *
The cane toad barely misses you. The black mamba completely misses you.
Sonja hits you with a +0 dagger of draining.
* * * LOW HITPOINT WARNING * * *
You feel drained.
* * * LOW HITPOINT WARNING * * *
Sonja hits you with a +0 dagger of draining.
* * * LOW HITPOINT WARNING * * *
You feel drained.
* * * LOW HITPOINT WARNING * * *
Sonja hits you but does no damage.
You feel drained.
You climb upwards.
* * * LOW HITPOINT WARNING * * *
You feel extremely sick.
There is a stone staircase leading down here.
You feel better. The black mamba misses you.
The black mamba bites you but does no damage.
You feel much better. The black mamba misses you. The black mamba bites you.
The black mamba barely misses you.
Casting: Summon Blazeheart Golem (dangerous; 1% risk of failure)
Confirm with . or Enter, or press ? or * to list all spells.
A fiery spirit appears, bound in slag iron.
The black mamba misses you. x2; The black mamba bites you!
* * * LOW HITPOINT WARNING * * *
Casting: Summon Blazeheart Golem (dangerous; 1% risk of failure)
Confirm with . or Enter, or press ? or * to list all spells.
An electric hum fills the air.
The black mamba bites you!
* * * LOW HITPOINT WARNING * * *
The black mamba bites you.
You die...
Kikubaaqudgha rasps: You have failed me!
Welcome... death!

...#...# ###..........#....#.#.#.
.....#.## ###......##.#..#......
........## ###........#...>....
.........# ##.................
....รท<...#
####................#.
.......#####.#............>P..###
..^.....#..#..............#####
..............#..........##
................@....#...#
#..............S....####.#####
#...#.#.......9.I...###......##
#.#####..##.......#.#.##.##...###
..## ##.##.....##.....####.....#
#..# ##...)##..###.....# #.......
#.####.....###.##.....####.......
#..#...P....####.................
#...........# ##......#...P#.....


You could see a black mamba (ally target), a friendly lightning spire (summoned)
and a friendly blazeheart golem (summoned).

Vanquished Creatures
  Snorg (D:10)
  2 hydras
  Harold (D:11)
  A catoblepas (Lair:1)
  3 two-headed ogres
  An orc knight (D:11)
  A cyclops (D:12)
  2 manticores
  Maurice (D:9)
  A black mamba (Lair:4)
  4 cane toads
  A gargoyle (D:11)
  Jeremiah (D:8)
  8 komodo dragons
  2 trolls
  4 blink frogs
  A hornet (Lair:4)
  A basilisk (D:11)
  4 wyverns
  35 yaks
  2 vampire mosquitoes (D:12)
  7 water moccasins
  Duvessa (D:4)
  A black bear (Lair:1)
  3 orc warriors
  An ice beast (D:7)
  A sky beast (D:6)
  9 ogres
  A wolf (Lair:3)
  2 centaurs (D:9)
  3 lemures (D:7)
  A phantom (D:5)
  A gnoll sergeant (D:10)
  8 bullfrogs
  2 scorpions
  Dowan (D:4)
  11 wights
  12 killer bees
  2 howler monkeys
  A bombardier beetle (D:5)
  A hound (D:4)
  A gnoll bouda (D:7)
  2 orc priests
  4 iguanas
  6 orc wizards
  4 gnolls
  4 adders
  A shadow imp (D:6)
  7 dart slugs
  14 orcs
  4 ball pythons
  4 endoplasms
  11 giant cockroaches
  4 goblins
  3 hobgoblins
  A jackal (D:4)
  2 quokkas
  A bat (D:2)
  4 frilled lizards
  7 kobolds
  5 rats
235 creatures vanquished.

Vanquished Creatures (collateral kills)
  A skyshark (Lair:3)
  Lodul (D:11)
  Pikel (D:7)
  2 cane toads
  2 rime drakes
  4 komodo dragons
  A hornet (D:9)
  15 blink frogs
  A shadow (D:10)
  4 yaks
  4 basilisks
  2 steam dragons
  A naga (Lair:2)
  Edmund (D:6)
  10 water moccasins
  An acid dragon (D:11)
  An orc warrior (D:10)
  An ice beast (D:8)
  An ogre (D:11)
  2 sky beasts
  6 wolves (Lair:3)
  A centaur (D:10)
  A lemure (D:7)
  5 kobold brigands
  2 bullfrogs
  2 gnoll sergeants
  A scorpion (D:5)
  6 wights
  8 killer bees
  A bombardier beetle (D:4)
  2 hounds
  A sleepcap (D:5)
  3 orc wizards
  11 gnolls
  3 adders
  4 dart slugs
  14 orcs
  5 bats
  2 endoplasms
  7 giant cockroaches
  5 goblins
  3 hobgoblins (D:1)
  2 jackals (D:4)
  4 ball pythons
  6 frilled lizards
  13 kobolds
174 creatures vanquished.

Vanquished Creatures (others)
  Nessos (Lair:3)
  2 skysharks (Lair:3)
  A hornet (Lair:3)
  A basilisk (Lair:3)
  An orc warrior (D:9)
  A wolf (Lair:3)
  2 orc wizards (D:8)
  94 blazeheart cores
103 creatures vanquished.

Grand Total: 512 creatures vanquished

Notes
Turn   | Place    | Note
-------+----------+-------------------------------------------
     0 | D:1      | croobank the Octopode Summoner began the quest for the Orb.
     0 | D:1      | Reached XP level 1. HP: 11/11 MP: 3/3
   151 | D:1      | Reached XP level 2. HP: 17/17 MP: 1/5
   159 | D:1      | Learned a level 2 spell: Call Imp
   382 | D:1      | Found a faded altar of an unknown god.
   425 | D:1      | Reached XP level 3. HP: 21/21 MP: 1/6
   429 | D:1      | Learned a level 3 spell: Call Canine Familiar
  1259 | D:2      | Identified the +3 ring mail "Finwasin" {rPois Int+4}
  1349 | D:2      | Reached XP level 4. HP: 26/27 MP: 7/7
  2426 | D:4      | Found Utrouw's Jewellery Shop.
  2465 | D:4      | Found a glowing drain.
  2475 | D:4      | Reached skill level 1 in Fighting
  2512 | Sewer    | Entered a sewer
  2710 | Sewer    | Reached XP level 5. HP: 31/33 MP: 7/9
  2841 | Sewer    | Reached XP level 6. HP: 32/39 MP: 3/10
  3031 | D:4      | Noticed Duvessa
  3031 | D:4      | Noticed Dowan
  3038 | D:4      | Learned a level 4 spell: Summon Blazeheart Golem
  3146 | D:4      | Reached skill level 1 in Fire Magic
  3460 | D:4      | Reached XP level 7. HP: 45/45 MP: 4/11
  3746 | D:4      | Killed Duvessa
  3746 | D:4      | Killed Dowan
  3881 | D:5      | Entered Level 5 of the Dungeon
  3958 | D:5      | Reached skill level 5 in Stealth
  3958 | D:5      | Reached skill level 5 in Summonings
  4126 | D:5      | Reached XP level 8. HP: 51/51 MP: 13/13
  4153 | D:5      | Reached skill level 5 in Fire Magic
  4563 | D:5      | Learned a level 4 spell: Summon Lightning Spire
  4814 | D:5      | Reached skill level 1 in Air Magic
  5168 | D:6      | Noticed Edmund
  5179 | D:6      | Killed Edmund
  5780 | D:6      | Reached XP level 9. HP: 54/58 MP: 13/15
  5835 | D:6      | Found a staircase to the Ecumenical Temple.
  5866 | Temple   | Entered the Ecumenical Temple
  6739 | D:7      | Found a shadowy altar of Dithmenos.
  6739 | D:7      | Found a bloodstained altar of Trog.
  6751 | D:7      | Reached skill level 5 in Dodging
  6770 | D:7      | Found a shimmering blue altar of Sif Muna.
  6771 | D:7      | Found a hazy altar of Hepliaklqana.
  6794 | D:7      | Found an ancient bone altar of Kikubaaqudgha.
  6796 | D:7      | Found a basalt altar of Yredelemnul.
  6798 | D:7      | Found a burning altar of Makhleb.
  6800 | D:7      | Became a worshipper of Kikubaaqudgha
  7207 | D:7      | Noticed Pikel
  7217 | D:7      | Killed Pikel
  7218 | D:7      | Reached skill level 5 in Spellcasting
  7218 | D:7      | Reached skill level 5 in Air Magic
  7555 | D:8      | Noticed Jeremiah
  7585 | D:8      | Killed Jeremiah
  7586 | D:8      | Reached XP level 10. HP: 28/65 MP: 4/17
  7925 | D:8      | Reached skill level 5 in Fighting
  8857 | D:4      | Bought a ring of wizardry for 300 gold pieces
  9003 | D:9      | Noticed Maurice
  9026 | D:9      | Something stole 135 gold
  9027 | D:9      | Something stole a +0 flail of protection
  9028 | D:9      | Something stole 12 boomerangs
  9029 | D:9      | Paralysed by something for 3 turns
  9039 | D:9      | Killed Maurice
  9484 | D:9      | Noticed a two-headed ogre
  9486 | D:9      | Paralysed by a hornet for 2 turns
  9496 | D:9      | Killed a two-headed ogre
  9514 | D:9      | Reached * piety under Kikubaaqudgha
  9514 | D:9      | Received a gift from Kikubaaqudgha
  9515 | D:9      | Reached XP level 11. HP: 25/72 MP: 2/19
  9755 | D:9      | Found a runed translucent door.
  9756 | D:9      | Found a shimmering altar of Xom.
  9756 | D:9      | Noticed Biggs's ghost (novice FeSh)
  9757 | D:9      | Noticed a +2 war axe of chaos
  9981 | D:9      | Noticed a two-headed ogre
  9990 | D:9      | Killed a two-headed ogre
 11002 | D:10     | Entered Level 10 of the Dungeon
 11695 | D:10     | Reached ** piety under Kikubaaqudgha
 11696 | D:10     | Reached skill level 10 in Stealth
 11800 | D:10     | Noticed Snorg
 11811 | D:10     | Killed Snorg
 12102 | D:10     | Noticed a +0 hand axe
 12103 | D:10     | Found a hide-covered altar of Uskayaw.
 12104 | D:10     | Noticed a +0 hand axe
 12611 | D:10     | Reached skill level 1 in Necromancy
 12992 | D:11     | Noticed Harold
 13010 | D:11     | Killed Harold
 13281 | D:11     | Reached XP level 12. HP: 36/81 MP: 5/22
 13290 | D:11     | Noticed a two-headed ogre
 13297 | D:11     | HP: 3/81 [orc warrior/+0 halberd (13)]
 14059 | D:11     | Found Werovo's Armour Boutique.
 14061 | D:11     | Found a staircase to the Orcish Mines.
 14502 | D:11     | Killed a two-headed ogre
 14693 | D:11     | Found a staircase to the Lair.
 14742 | D:11     | Noticed Lodul
 14755 | D:11     | Killed Lodul
 15326 | D:11     | Identified the blade talisman "Zaathu Osir" {rElec rN+
                  | Int+5 Dex-3}
 15373 | D:11     | Found an opulent altar of Gozag.
 16287 | D:12     | Reached *** piety under Kikubaaqudgha
 16287 | D:12     | Received a gift from Kikubaaqudgha
 16293 | D:12     | Learned a level 4 spell: Anguish
 16655 | Lair:1   | Entered Level 1 of the Lair of Beasts
 16669 | Lair:1   | Reached skill level 1 in Hexes
 17138 | Lair:1   | Reached XP level 13. HP: 89/89 MP: 21/25
 17525 | Lair:1   | Reached skill level 5 in Necromancy
 18080 | Lair:1   | Found a transporter.
 18083 | Lair:1   | Noticed Rulersjester's ghost (novice CoGl)
 18199 | Lair:1   | Found a transporter.
 19065 | Lair:2   | Found a staircase to the Snake Pit.
 19390 | Lair:2   | Reached skill level 10 in Summonings
 20097 | Lair:3   | Reached skill level 5 in Hexes
 20437 | Lair:3   | Found a staircase to the Shoals.
 20565 | Lair:3   | Noticed Nessos
 20571 | Lair:3   | Killed Nessos
 22361 | Lair:4   | Reached **** piety under Kikubaaqudgha
 22561 | Lair:4   | Reached skill level 10 in Dodging
 23425 | D:4      | Bought a +4 ring of protection for 360 gold pieces
 23425 | D:4      | Bought a ring of willpower for 250 gold pieces
 23620 | Lair:4   | Found a viscous altar of Jiyva.
 23620 | Lair:4   | Found a staircase to the Slime Pits.
 23886 | Lair:5   | Entered Level 5 of the Lair of Beasts
 23886 | Lair:5   | Noticed Sonja
 23896 | Lair:4   | Slain by a black mamba

Illustrated notes

Levels and vault maps discovered:
D:1:      psy_arrival_dodecagon, layout_basic, basic_ecumenical_altar,
          minmay_misc_feat_diagonals
D:2:      layout_loops_cross
D:3:      layout_loops_ring, serial_bayou_pond_d
D:4:      layout_gridville, gup_sewer_entry_glass, nicolae_take_the_stairs,
          st_stairs_1, grunt_ministairs_3, uniq_duvessa
D:5:      layout_layer_cave
D:6:      layout_loops_ring, minmay_temple_entry_sparse_star, uniq_edmund
D:7:      layout_loops_ring, nicolae_overflow_hallway_of_the_gods, uniq_pikel
D:8:      layout_layer_cave, uniq_jeremiah
D:9:      layout_gridville, ebering_ghost_xom, library_closet, minmay_between,
          uniq_maurice
D:10:     layout_irregular_city, dancing_weapons_uskayaw, uniq_snorg
D:11:     layout_basic, lair_entry_dummy, orc_david_3, gauntlet_entry_generic,
          grunt_gozag_breadcrumbs, uniq_harold, uniq_lodul
D:12:     layout_rooms
Temple:   dpeg_chambers_temple
Lair:1:   minmay_lair_oklob_tunnel, layout_cave_pods, nzn_ghost_randoct,
          lightli_volcano_entry_magma_tube
Lair:2:   layout_cave_pods, guppyfry_snake_entry_island
Lair:3:   layout_regular_city, elwin_shoals_entry_rocks, uniq_nessos
Lair:4:   layout_misc_corridors, slime_entry_1, minivault_19
Lair:5:   gammafunk_lair_ancient_temple, layout_loops_ring, st_stairs_6,
          patterned_corridor, serial_bayou_shore_b, grunt_megastairs_5,
          uniq_rupert, uniq_sonja

Skill      XL: |  1  2  3  4  5  6  7  8  9 10 11 12 13 |
---------------+----------------------------------------+-----
Stealth        | 3 4 5 6 7 9 10 | 10.4
Fighting       | 1 2 3 4 6 7 8 9 |  9.7
Dodging        | 3 4 5 6 8 9 10 | 10.0
Spellcasting   | 3 4 5 7 8 9 |  9.1
Fire Magic     | 3 4 5 |  5.0
Summonings     | 5 6 7 8 9 10 | 10.0
Air Magic      | 2 5 7 |  7.0
Necromancy     | 2 4 6 |  6.3
Hexes          | 3 6 |  6.7

Action                     |  1- 3 |  4- 6 |  7- 9 | 10-12 | 13-15 || total
---------------------------+-------+-------+-------+-------+-------++-------
  Melee: Dagger            |    34 |    20 |       |       |       ||    54
         Constrict         |     9 |    15 |    13 |    16 |     4 ||    57
         Tentacles         |     5 |     8 |     9 |    22 |     9 ||    53
         Rapier            |       |    35 |    49 |   110 |    26 ||   220
  Throw: Throwing net      |       |       |       |     1 |       ||     1
   Cast: Summon Small Mamm |    19 |    19 |     9 |     4 |     1 ||    52
         Call Imp          |    13 |    14 |     7 |     4 |     1 ||    39
         Call Canine Famil |     3 |     9 |     9 |     9 |     3 ||    33
         Summon Blazeheart |       |       |    22 |    67 |    49 ||   138
         Summon Lightning  |       |       |     3 |    34 |    27 ||    64
         Anguish           |       |       |       |       |    12 ||    12
  Evoke: Wand              |       |       |       |     5 |     4 ||     9
    Use: Scroll            |       |     8 |     1 |    16 |     4 ||    29
         Potion            |       |     1 |     4 |     5 |     5 ||    15
   Stab: Sleeping          |     8 |    10 |    10 |     6 |     2 ||    36
         Held in net/web   |       |       |       |     2 |       ||     2
         Distracted        |       |       |       |       |     2 ||     2
         Petrified         |       |       |       |       |     2 ||     2
         Paralysed         |       |       |       |       |     2 ||     2
 Armour: Skin              |    15 |    32 |    47 |   188 |    89 ||   371
  Dodge: Dodged            |    23 |    43 |    39 |   205 |    89 ||   399

Table legend: (Time is in decaauts)
 A = Elapsed time spent in this place.
 B = Non-inter-level travel time spent in this place.
 C = Inter-level travel time spent in this place.
 D = Time resting spent in this place.
 E = Time spent auto-exploring this place.
 F = Levels seen in this place.
 G = Mean time per level.
                   A        B        C        D        E       F      G
               +--------+--------+--------+--------+--------+-----+--------+
         Total |  23963 |  22767 |   1196 |   8598 |  10257 |  19 | 1261.2 |
       Dungeon |  16515 |  15549 |    966 |   5378 |   7487 |  12 | 1376.2 |
        Temple |      2 |      1 |      1 |      0 |      0 |   1 |    2.0 |
          Lair |   6939 |   6711 |    228 |   3123 |   2579 |   5 | 1387.8 |
         Sewer |    505 |    505 |      0 |     97 |    191 |   1 |  505.0 |
               +--------+--------+--------+--------+--------+-----+--------+

Top non-repeatable levels by time:
    D:10: 2962 daAuts
  Lair:3: 2884 daAuts
     D:9: 2454 daAuts
  Lair:1: 1785 daAuts
    D:11: 1773 daAuts
     D:8: 1482 daAuts
  Lair:2: 1444 daAuts
     D:5: 1374 daAuts
     D:7: 1288 daAuts
     D:6: 1182 daAuts
     D:1: 1004 daAuts
     D:4: 975 daAuts
  Lair:4: 818 daAuts
     D:2: 745 daAuts
     D:3: 674 daAuts
